Map: Tropical Sacrifice

Players

Quaz

  • Race: Zerg Zerg
  • Spawn Location: 1:00

Solar - Winner!

  • Race: Zerg Zerg
  • Spawn Location: 7:00

Event: DreamHack SC2 Masters 2022 Atlanta (Offline)

VOD

Have the link to the VOD?

Description

Time

  • Played on: Nov. 18, 2022, 9:53 a.m.
  • Length: 6:01

All games in this series

Show
View Real Time Build Order
Export as new Build Order

Quaz Zerg 

Build Orders: Hatch First 

Get SALT Encoding   

  12  0:01  Drone  
  13  0:13  Overlord  
  13  0:17  Drone  
  14  0:33  Drone  
  14  0:34  Drone  
  14  0:35  Drone  
  17  0:54  Hatchery  
  16  0:57  Drone  
  16  0:59  Drone  
  18  1:11  Extractor  
  18  1:15  Spawning Pool  
  18  1:18  Drone  
  17  1:21  Drone  
  18  1:28  Drone  
  19  1:49  Drone  
  20  2:04  Drone  
  20  2:06  Zergling x2, Queen x2  
  20  2:07  Zergling x2  
  27  2:14  Metabolic Boost  
  27  2:16  Overlord  
  27  2:20  Drone  
  28  2:35  Drone x3  
  31  2:39  Baneling Nest  
  29  2:47  Drone  
  29  2:50  Hatchery  
  29  2:57  Drone  
  30  3:01  Drone  
  30  3:02  Drone x2  
  33  3:10  Drone  
  34  3:13  Overlord  
  34  3:17  Overlord  
  34  3:20  Zergling x4  
  36  3:35  Drone x3  
  36  3:39  Baneling  
  36  3:40  Baneling  
  39  3:44  Zergling x2  
  39  3:45  Zergling x4  
  42  3:53  Zergling x6  
  39  4:09  Baneling x2  
  39  4:15  Hatchery  
  38  4:17  Zergling x12  
  38  4:18  Zergling x2  
  38  4:20  Zergling x8  
  48  4:41  Baneling  
  48  4:42  Baneling x2  
  48  4:44  Overlord  
  48  4:45  Drone x2  
  49  4:48  Queen  
  49  4:49  Lair, Roach Warren  
  37  5:18  Drone  
  37  5:19  Drone x3  
  40  5:27  Evolution Chamber x2  
  40  5:28  Zergling x8  
  38  5:29  Zergling x4  
  42  5:39  Overlord  
Show
View Real Time Build Order
Export as new Build Order

Solar Zerg - Winner!

Build Orders: Hatch First, Zergling Baneling 

Get SALT Encoding   

  12  0:00  Drone  
  13  0:13  Overlord  
  13  0:17  Drone  
  14  0:31  Drone  
  14  0:32  Drone  
  16  0:49  Hatchery  
  15  0:52  Drone  
  15  0:55  Drone  
  17  0:58  Drone  
  18  1:10  Extractor  
  17  1:14  Spawning Pool  
  17  1:17  Drone  
  17  1:21  Drone  
  18  1:29  Drone  
  19  1:40  Drone  
  20  1:50  Drone  
  21  2:00  Queen x2  
  25  2:01  Zergling x2  
  25  2:03  Overlord  
  26  2:12  Drone x2  
  26  2:13  Metabolic Boost  
  29  2:22  Drone  
  29  2:23  Drone  
  30  2:38  Hatchery  
  30  2:39  Drone  
  30  2:44  Drone  
  31  2:47  Baneling Nest  
  31  2:49  Drone  
  31  2:54  Overlord  
  31  2:57  Zergling x2  
  31  2:58  Zergling x2  
  33  3:05  Drone  
  33  3:07  Drone  
  35  3:13  Zergling x2  
  35  3:14  Zergling x8  
  35  3:15  Zergling x2  
  41  3:25  Overlord x2  
  41  3:28  Drone  
  41  3:31  Baneling x2  
  42  3:36  Drone  
  42  3:40  Drone  
  44  3:44  Zergling x2  
  44  3:45  Drone x3  
  48  3:50  Queen  
  48  3:51  Evolution Chamber  
  48  3:53  Drone  
  48  3:55  Zergling x2  
  51  3:59  Zergling x2  
  51  4:03  Zergling x4  
  51  4:05  Zergling x2  
  51  4:08  Baneling  
  51  4:09  Baneling  
  53  4:11  Roach Warren  
  53  4:14  Drone x3  
  56  4:18  Drone x2  
  56  4:19  Extractor  
  56  4:20  Drone  
  56  4:23  Drone x2  
  60  4:28  Overlord  
  60  4:30  Overlord  
  60  4:33  Overlord  
  59  4:42  Baneling x2  
  58  4:52  Baneling x2  
  58  4:57  Roach  
  58  4:58  Roach x6  
  71  5:04  Roach  
  72  5:11  Roach x2  
  73  5:15  Zergling x14  
  73  5:18  Roach  
  73  5:20  Zergling x8  
  85  5:23  Overlord  
  85  5:26  Overlord  
  85  5:29  Baneling  
  85  5:30  Baneling x2  
  85  5:31  Zergling x2  
  85  5:32  Zergling x2  
  87  5:38  Zergling x6  
  89  5:46  Baneling x2  
Tags
 
Add a new tag
Caveats
  • Supply blocks, unpowered buildings, or Contaminate may cause inaccurate times.
  • Supply counts are checked every 10 seconds.